 Dungeon Crawl Stone Soup version 0.28.0 (webtiles) character file.

Game seed: 16816199073713369751

98 growler the Gusty (level 4, -6/24 HPs)
             Began as a Tengu Air Elementalist on Feb 10, 2022.
             Mangled by a wyvern skeleton (9 damage)
             ... on level 6 of the Dungeon.
             The game lasted 00:06:35 (3410 turns).

growler the Gusty (Tengu Air Elementalist)          Turns: 3410, Time: 00:06:36

Health: -6/24      AC:  2    Str:  8    XL:     4   Next: 69%
Magic:  7/9        EV: 12    Int: 17    God:
Gold:   107        SH:  0    Dex: 15    Spells: 3/9 levels left

rFire   . . .      SeeInvis .   (no weapon)
rCold   . . .      Faith    .   (no shield)
rNeg    . . .      Spirit   .   a - +0 robe
rPois   .          Reflect  .   (helmet restricted)
rElec   .          Harm     .   (no cloak)
rCorr   .          Rampage  .   (no gloves)
Will    .....                   (boots unavailable)
Stlth   ++........              (no amulet)
HPRegen 0.08/turn               (no ring)
MPRegen 0.11/turn               (no ring)

@: about to teleport
A: beak, talons 3
a: no special abilities


You were on level 6 of the Dungeon.
You visited 1 branch of the dungeon, and saw 4 of its levels.

You collected 107 gold pieces.

Inventory:

Armour
 a - a +0 robe (worn)
Jewellery
 i - a ring of protection from fire
   (You found it on level 2 of the Dungeon)
 m - a +6 ring of strength
   (You found it on level 3 of the Dungeon)
Scrolls
 b - a scroll of identify {unknown}
 c - a scroll of torment {unknown}
 d - a scroll of amnesia {unknown}
 f - a scroll of magic mapping {unknown}
 g - a scroll of noise {unknown}
 j - a scroll of enchant weapon {unknown}
 k - a scroll of fog
 o - a scroll of teleportation {@r4}
 p - 3 scrolls of fear
Potions
 e - 2 potions of curing {unknown}
 h - a potion of degeneration {unknown}
 l - a potion of might {unknown}
 n - a potion of brilliance {unknown}


   Skills:
 - Level 2.1 Dodging
 - Level 2.0 Stealth
 + Level 3.0 Spellcasting
 + Level 3.4 Conjurations
 + Level 5.1 Air Magic


You had 3 spell levels left.
You knew the following spells:

 Your Spells              Type           Power      Damage    Failure   Level
a - Shock                 Conj/Air       68%        1d7       3%          1
d - Static Discharge      Conj/Air       17%        N/A       4%          2
s - Swiftness             Air            20%        N/A       6%          3

Your spell library contained the following spells:

 Spells                   Type           Power      Damage    Failure   Level
 Ensorcelled Hibernation  Hex/Ice        4%         N/A       26%         2
 Inner Flame              Hex/Fire       2%         N/A       45%         3
 Spider Form              Tmut/Pois      2%         N/A       45%         3
 Airstrike                Air            10%        N/A       21%         4
 Anguish                  Hex/Necr       1%         N/A       86%         4
 Cause Fear               Hex            1%         N/A       86%         4
 Discord                  Hex            1%         N/A       100%        8


Dungeon Overview and Level Annotations

Branches:
Dungeon (3/15)             Temple (0/1) D:6

Altars:

Shops:
D:3 [


Innate Abilities, Weirdness & Mutations

You have a beak for a mouth.
You have claws for feet.


Message History

You fall into a shaft and drop 3 floors!
The shaft crumbles and collapses.
A kobold brigand, 6 kobolds and a centaur come into view.
The kobold brigand is wielding a +0 short sword and quivering poisoned darts.
Found 12 gold pieces and a robe.
Found a stone staircase leading down.
As you read the scroll labelled QAEVALL PEDATOG, it crumbles to dust.
You assume a fearsome visage.
The kobold brigand looks frightened!
The kobold brigand shouts!
The kobold looks frightened!
The kobold shouts!
The kobold looks frightened!
The kobold shouts!
The kobold looks frightened!
The kobold shouts!
The kobold looks frightened!
The kobold shouts!
The kobold looks frightened!
The kobold shouts!
The kobold looks frightened!
The kobold shouts!
The centaur looks frightened!
It was a scroll of fear.
You hear a shout!
The centaur attempts to regain its composure.
The kobold brigand weeps quietly.
You see here 12 gold pieces.
Found a staircase to the Ecumenical Temple.
An orc warrior comes into view. It is wielding a +0 war axe.
A wyvern skeleton comes into view.
Found a flail.
An orc priest comes into view. It is wielding a +0 mace.
The wyvern skeleton bites you!
Ouch! That really hurt!
* * * LOW HITPOINT WARNING * * *
The wyvern skeleton bites you.
* * * LOW HITPOINT WARNING * * *
Okay, then.
The wyvern skeleton closely misses you. The wyvern skeleton bites you.
* * * LOW HITPOINT WARNING * * *
As you read the scroll labelled DEUZOE TUNEYTO, it crumbles to dust.
The scroll dissolves into smoke.
It was a scroll of fog.
The wyvern skeleton barely misses you.
As you read the scroll labelled EBROVIDUSE, it crumbles to dust.
You feel strangely unstable.
It was a scroll of teleportation.
The wyvern skeleton misses you.
The wyvern skeleton is struck by an arc of lightning!
You are struck by an arc of lightning.
* * * LOW HITPOINT WARNING * * *
The lightning grounds out.
The wyvern skeleton bites you!
You die...

..).#
##..##.........
..#
##..##.....##.
. #..##...###
##..#..##
#..#.## ##....#
###§...#.#
##Z§#..## .#
#@###.## .. ###
#.# # ###


You could see a wyvern skeleton.

Vanquished Creatures
  3 adders (D:3)
  A worm (D:2)
  5 dart slugs
  4 orcs (D:3)
  6 endoplasms
  A giant cockroach (D:1)
  3 goblins (D:1)
  6 hobgoblins
  4 quokkas
  2 ball pythons (D:1)
  8 bats
  6 frilled lizards
  2 kobolds
  3 rats
54 creatures vanquished.

Notes
Turn   | Place    | Note
-------+----------+-------------------------------------------
     0 | D:1      | growler the Tengu Air Elementalist began the quest for the
                  | Orb.
     0 | D:1      | Reached XP level 1. HP: 10/10 MP: 4/4
    79 | D:1      | Found a faded altar of an unknown god.
   317 | D:1      | Reached XP level 2. HP: 15/15 MP: 4/6
   395 | D:1      | Learned a level 2 spell: Static Discharge
  1050 | D:1      | Reached XP level 3. HP: 15/19 MP: 4/7
  1121 | D:1      | Learned a level 3 spell: Swiftness
  2445 | D:3      | Reached XP level 4. HP: 23/24 MP: 2/9
  2530 | D:3      | Found Datwen's Antique Armour Boutique.
  2812 | D:3      | Reached skill level 5 in Air Magic
  3370 | D:3      | You fall into a shaft and drop 3 floors!
  3370 | D:6      | Noticed a kobold brigand
  3370 | D:6      | Noticed a centaur
  3374 | D:6      | Found a staircase to the Ecumenical Temple.
  3380 | D:6      | Noticed an orc warrior
  3410 | D:6      | Mangled by a wyvern skeleton

Illustrated notes

Levels and vault maps discovered:
D:1:      onia_arrival_mini_spirals, layout_basic,
          chequers_ecumenical_altar_simple_redux, minmay_box_of_dots
D:2:      layout_basic
D:3:      layout_basic, serial_shops, shop
D:6:      layout_layer_cave, mainiacjoe_overflow_alcove_2,
          minmay_temple_entry_large_hall

Skill      XL: |  1  2  3  4 |
---------------+-------------+-----
Conjurations   | 2 3 |  3.4
Air Magic      | 5 |  5.1
Spellcasting   | 3 |  3.0
Dodging        | |  2.1
Stealth        | |  2.0

Action                   |  1- 3 |  4- 6 || total
-------------------------+-------+-------++-------
Melee: Unarmed           |     8 |     2 ||    10
       Peck              |     2 |       ||     2
       Kick              |     2 |     1 ||     3
 Cast: Shock             |    76 |    22 ||    98
       Static Discharge  |    11 |     5 ||    16
  Use: Scroll            |       |     3 ||     3
Armor: Robe              |     5 |       ||     5
Dodge: Dodged            |    20 |     7 ||    27
